 Dungeon Crawl Stone Soup version 0.29-a0-1016-g236c7fd91e (webtiles) character file.

Game seed: 16047997349977867498

1173 Manisian the Covert (level 8, -2/37 HPs)
             Began as a Spriggan Enchanter on Aug 9, 2022.
             Slain by an ice beast (14 damage)
             ... on level 5 of the Dungeon.
             The game lasted 00:10:17 (6209 turns).

Manisian the Covert (Spriggan Enchanter)            Turns: 6209, Time: 00:10:18

Health: -2/37      AC:  5    Str:  4    XL:     8   Next: 18%
Magic:  0/18       EV: 23    Int: 16    God:
Gold:   276        SH:  0    Dex: 18    Spells: 3/19 levels left

rFire   . . .      SeeInvis +   o - +0 dagger (drain)
rCold   . . .      Faith    .   (no shield)
rNeg    . . .      Spirit   .   b - +0 robe
rPois   .          Reflect  .   (helmet restricted)
rElec   .          Harm     .   n - +2 cloak {Will+}
rCorr   .          Rampage  .   (gloves unavailable)
Will    ++...                   (boots unavailable)
Stlth   ++++......              (no amulet)
HPRegen 0.12/turn               q - +4 ring of evasion
MPRegen 0.16/turn               (no ring)

@: lethally poisoned (-2 -> -3), weakened, very quick
A: very small, no large weapons, unfitting armour, see invisible, speed 3
a: no special abilities


You were on level 5 of the Dungeon.
You visited 1 branch of the dungeon, and saw 5 of its levels.

You collected 276 gold pieces.

Inventory:

Hand Weapons
 a - a +1 dagger
 d - a +0 dagger
 o - a +0 dagger of draining (weapon)
Armour
 b - a +0 robe (worn)
 n - a +2 cloak of willpower (worn)
Jewellery
 q - a +4 ring of evasion (left hand)
 r - an amulet of guardian spirit
Wands
 t - a wand of roots (14)
 u - a wand of digging (4)
Potions
 c - a potion of invisibility
 e - 2 potions of mutation
 f - 2 potions of magic
 g - a potion of brilliance
 h - a potion of flight
 i - 4 potions of curing
 j - a potion of haste {unknown}
 k - 4 potions of degeneration
 l - a potion of heal wounds {unknown}
 m - a potion of lignification {unknown}
 s - a potion of ambrosia {unknown}
 v - a potion of attraction {unknown}


   Skills:
 + Level 0.9 Fighting
 + Level 2.9 Short Blades
 + Level 4.0 Dodging
 + Level 9.1 Stealth
 + Level 6.3 Spellcasting
 + Level 6.3 Hexes
 + Level 2.5 Ice Magic


You had 3 spell levels left.
You knew the following spells:

 Your Spells              Type           Power      Damage    Failure   Level
a - Ensorcelled Hibernat  Hex/Ice        38%        N/A       3%          2
b - Tukima's Dance        Hex            25%        N/A       3%          3
c - Dazzling Flash        Conj/Hex       30%        N/A       11%         3
d - Confusing Touch       Hex            25%        N/A       3%          3
e - Blink                 Tloc           10%        N/A       21%         2
f - Frozen Ramparts       Ice            26%        1d4       14%         3

Your spell library contained the following spells:

 Spells                   Type           Power      Damage    Failure   Level
 Portal Projectile        Hex/Tloc       30%        N/A       11%         3
 Lesser Beckoning         Tloc           5%         N/A       36%         3
 Ice Form                 Ice/Tmut       9%         N/A       61%         4
 Summon Ice Beast         Ice/Summ       9%         N/A       61%         4
 Summon Mana Viper        Hex/Summ       15%        N/A       69%         5
 Blade Hands              Tmut           2%         N/A       98%         5
 Manifold Assault         Tloc           5%         N/A       98%         5
 Monstrous Menagerie      Summ           2%         N/A       100%        7


Dungeon Overview and Level Annotations

Branches:
Dungeon (5/15)
 Temple: D:4-7

Altars:


Innate Abilities, Weirdness & Mutations

You are very small and have problems with some larger weapons.
You are too small for most types of armour.
You have supernaturally acute eyesight. (SInv)
You cover ground extremely quickly. (Speed+++)


Message History

The wall freezes the scorpion but does no damage.
The scorpion misses you.
The wall freezes the orc priest.
The orc priest calls down the wrath of Beogh upon you.
Pain shoots through your body!
The wall freezes the gnoll bouda but does no damage.
The gnoll bouda gazes fiercely through you!
You feel as though you will be weak longer.
The gnoll bouda hits you with a +0 club.
The wall freezes the ice beast but does no damage.
You hit the scorpion.
The scorpion is severely wounded.
You feel sick.
The wall freezes the gnoll.
You kill the gnoll!
The wall freezes the scorpion but does no damage.
The scorpion stings you but does no damage.
The wall freezes the orc priest.
You kill the orc priest!
The wall freezes the gnoll bouda but does no damage.
The gnoll bouda misses you.
The wall freezes the ice beast but does no damage.
Your Stealth skill increases to level 9!
You hit the scorpion but do no damage. You drain the scorpion.
The scorpion is almost dead.
The frozen ramparts melt away.
You feel sick. The scorpion misses you.
You hit the scorpion but do no damage. You drain the scorpion.
You kill the scorpion!
You feel sick. The gnoll bouda completely misses you.
Your Dodging skill increases to level 4!
Casting: Ensorcelled Hibernation (safe; 3% risk of failure)
Confirm with . or Enter, or press ? or * to list all spells.
Aiming: Ensorcelled Hibernation (safe; 3% risk of failure)
Press: ? - help, Shift-Dir - straight line, f - gnoll bouda
Aim: a gnoll bouda, wielding a +0 club and wearing a +0 leather armour (moderately wounded, chance to affect: 51%)
The gnoll bouda looks drowsy...
You feel sick.
The ice beast hits you but does no damage.
The helpless gnoll bouda fails to defend itself.
You impale the gnoll bouda!!
You kill the gnoll bouda!
You feel sick. The ice beast hits you. The ice beast freezes you!
You die...

..........
.........
.........
....).
..)). #))#
######†Y##
......)@<#
.........#
.........+
..)......#
.........#
##..##...#
#+# #+###


You could see an ice beast.

Vanquished Creatures
  Grinder (D:4)
  A black bear (D:4)
  2 ogres (D:4)
  2 scorpions
  A hound (D:4)
  2 orc priests
  Crazy Yiuf (D:3)
  A gnoll bouda (D:5)
  Jessica (D:3)
  An orc wizard (D:5)
  Terence (D:3)
  Robin (D:3)
  6 gnolls
  5 adders
  2 worms
  2 dart slugs
  12 orcs
  7 ball pythons
  8 endoplasms
  17 goblins
  14 hobgoblins
  5 jackals (D:1)
  5 kobolds
  2 quokkas
  6 bats
  4 frilled lizards
  7 rats
117 creatures vanquished.

Vanquished Creatures (collateral kills)
  Sigmund (D:2)
  A ball python (D:3)
  2 goblins (D:3)
4 creatures vanquished.

Grand Total: 121 creatures vanquished

Notes
Turn   | Place    | Note
-------+----------+-------------------------------------------
     0 | D:1      | Manisian the Spriggan Enchanter began the quest for the
                  | Orb.
     0 | D:1      | Reached XP level 1. HP: 9/9 MP: 5/5
    73 | D:1      | Found a faded altar of an unknown god.
   303 | D:1      | Reached XP level 2. HP: 9/13 MP: 6/6
   694 | D:1      | Learned a level 2 spell: Ensorcelled Hibernation
   718 | D:1      | Found Lamutaha's Antique Armour Shoppe.
  2007 | D:2      | Reached XP level 3. HP: 16/16 MP: 3/8
  2015 | D:2      | Learned a level 3 spell: Tukima's Dance
  2288 | D:2      | Noticed Sigmund
  2578 | D:2      | Reached skill level 5 in Stealth
  3270 | D:2      | Killed Sigmund
  3271 | D:2      | Reached skill level 6 in Stealth
  3271 | D:2      | Reached skill level 1 in Ice Magic
  3271 | D:2      | Reached XP level 4. HP: 12/21 MP: 1/11
  3271 | D:2      | Reached XP level 5. HP: 14/24 MP: 1/12
  3275 | D:2      | Learned a level 3 spell: Dazzling Flash
  3279 | D:2      | Learned a level 3 spell: Confusing Touch
  3570 | D:3      | Noticed Terence
  3577 | D:3      | Killed Terence
  3666 | D:3      | Noticed Jessica
  3673 | D:3      | Killed Jessica
  3674 | D:3      | Reached XP level 6. HP: 28/28 MP: 13/13
  4092 | D:3      | Found a runed translucent door.
  4093 | D:3      | Noticed Crazy Yiuf
  4108 | D:3      | Killed Crazy Yiuf
  4109 | D:3      | Reached skill level 5 in Hexes
  4269 | D:3      | Noticed Robin
  4279 | D:3      | Killed Robin
  4616 | D:3      | Reached skill level 5 in Spellcasting
  4696 | D:3      | Learned a level 2 spell: Blink
  5219 | D:4      | Reached skill level 7 in Stealth
  5262 | D:4      | Reached XP level 7. HP: 32/32 MP: 15/15
  5266 | D:4      | Learned a level 3 spell: Frozen Ramparts
  5492 | D:4      | Reached skill level 8 in Stealth
  5888 | D:4      | Noticed Grinder
  5893 | D:4      | Killed Grinder
  5894 | D:4      | Reached XP level 8. HP: 37/37 MP: 16/18
  6188 | D:5      | Entered Level 5 of the Dungeon
  6206 | D:5      | Reached skill level 9 in Stealth
  6209 | D:5      | Slain by an ice beast

Illustrated notes

Levels and vault maps discovered:
D:1:      minmay_arrival_nine_rooms, layout_basic,
          hellmonk_ecumenical_altar_dog_temple, serial_shops, shop,
          nrook_campfire
D:2:      layout_basic, kennysheep_generic_room_8, uniq_sigmund
D:3:      layout_basic, serial_glass, glass_columns_a, glass_columns_a,
          glass_columns_a, glass_columns_b, glass_columns_a, glass_columns_a,
          glass_columns_a, glass_columns_a, minmay_strange_pillars,
          due_unseen_surprise, serial_bayou_ford_a, minmay_increasing_density,
          uniq_robin, uniq_terence, uniq_crazy_yiuf_cottage, uniq_jessica
D:4:      layout_basic, uniq_grinder
D:5:      layout_gridville, mainiacjoe_overflow_six_doors_small,
          minmay_temple_entry_butterflies

Skill      XL: |  1  2  3  4  5  6  7  8 |
---------------+-------------------------+-----
Dodging        | 3 4 |  4.0
Spellcasting   | 3 4 5 6 |  6.3
Hexes          | 4 5 6 |  6.3
Stealth        | 6 7 8 9 |  9.1
Ice Magic      | 1 2 |  2.5
Short Blades   | 2 |  2.9
Fighting       | |  0.9

Action                   |  1- 3 |  4- 6 |  7- 9 || total
-------------------------+-------+-------+-------++-------
Melee: Dagger            |   105 |    84 |    43 ||   232
 Cast: Ensorcelled Hiber |    25 |    47 |    18 ||    90
       Tukima's Dance    |     1 |     1 |       ||     2
       Dazzling Flash    |       |     2 |     1 ||     3
       Frozen Ramparts   |       |       |     4 ||     4
  Use: Potion            |     1 |       |       ||     1
       Scroll            |     6 |     1 |     4 ||    11
 Stab: Invisible         |     1 |       |     1 ||     2
       Sleeping          |    19 |    37 |    13 ||    69
       Distracted        |       |     1 |       ||     1
Armor: Robe              |     8 |     8 |     9 ||    25
Dodge: Dodged            |    91 |    95 |    66 ||   252

Table legend: (Time is in decaauts)
 A = Elapsed time spent in this place.
 B = Non-inter-level travel time spent in this place.
 C = Inter-level travel time spent in this place.
 D = Time resting spent in this place.
 E = Time spent auto-exploring this place.
 F = Levels seen in this place.
 G = Mean time per level.
                   A        B        C        D        E       F      G
               +--------+--------+--------+--------+--------+-----+--------+
         Total |   4853 |   4760 |     93 |    146 |   3933 |   5 |  970.6 |
       Dungeon |   4853 |   4760 |     93 |    146 |   3933 |   5 |  970.6 |
               +--------+--------+--------+--------+--------+-----+--------+

Top non-repeatable levels by time:
     D:1: 1537 daAuts
     D:3: 1311 daAuts
     D:2: 1121 daAuts
     D:4: 863 daAuts
     D:5: 19 daAuts
